 Dungeon Crawl Stone Soup version 0.27-a0-1525-g1038ab4fd7 (webtiles) character file.

Game seed: 4313110726578676077

652 Spaninq the Ruffian (level 7, -7/63 HPs)
             Began as a Troll Chaos Knight on July 10, 2021.
             Was an Elder of Lugonu.
             Mangled by pigah's ghost (17 damage)
             ... on level 4 of the Dungeon.
             The game lasted 00:11:32 (2908 turns).

Spaninq the Ruffian (Troll Chaos Knight)            Turns: 2908, Time: 00:11:34

Health: -7/63      AC:  6    Str: 22    XL:     7   Next: 28%
Magic:  8/8        EV: 10    Int:  8    God:    Lugonu [****..]
Gold:   195        SH:  0    Dex: 10    Spells: 6/6 levels left

rFire    . . .     SeeInvis .     - Unarmed
rCold    . . .     Faith    .   (no shield)
rNeg     . . .     Spirit   .   a - +2 robe
rPois    .         Reflect  .   (helmet restricted)
rElec    .         Harm     .   (no cloak)
rCorr    .         Rampage  .   (gloves unavailable)
Will     .....                  (boots unavailable)
Stlth    +.........             (no amulet)
HPRegen  1.20/turn              (no ring)
MPRegen  0.11/turn              (no ring)

@: unable to read
A: large, unfitting armour, claws 3, regeneration 1, shaggy fur 1, tough skin 1,
frail 1, inability to read while threatened
a: Renounce Religion, Depart the Abyss, Bend Space, Banish, Corrupt


You were on level 4 of the Dungeon.
You worshipped Lugonu.
Lugonu was greatly pleased with you.
You visited 1 branch of the dungeon, and saw 4 of its levels.
You also visited: Sewer.

You collected 195 gold pieces.

Inventory:

Hand Weapons
 h - a +2 whip of venom
Missiles
 m - a curare-tipped dart (quivered)
Armour
 a - a +2 robe (worn)
Wands
 i - a wand of mindburst (13)
Scrolls
 b - a scroll of fog
 c - 2 scrolls of identify {unknown}
 e - 2 scrolls of vulnerability {unknown}
 f - a scroll of teleportation
 g - a scroll of enchant armour
 k - 4 scrolls of fear
Potions
 d - 2 potions of curing {unknown}
 j - 4 potions of magic
 l - 2 potions of mutation {unknown}


   Skills:
 + Level 4.1 Fighting
 - Level 1.9 Dodging
 * Level 6.5 Unarmed Combat
 + Level 3.1 Invocations


You had 6 spell levels left.
You didn't know any spells.
Your spell library contained the following spells:

 Spells                   Type           Power      Damage    Failure   Level
 Foxfire                  Conj/Fire      0%         2x1d4     41%         1
 Conjure Flame            Conj/Fire      0%         6-21      78%         3
 Inner Flame              Hex/Fire       0%         N/A       78%         3


Dungeon Overview and Level Annotations

Branches:
Dungeon (4/15)              Sewer (visited)
 Temple: D:4-7

Altars:
Trog
Lugonu

Shops:
D:3 =

Annotations:
D:4 Rallik's ghost, amateur GnWn; ktje's ghost, amateur DrFE; mdk's ghost, amateur VSMo; pigah's ghost, novice OpWn


Innate Abilities, Weirdness & Mutations

You are too large for most types of armour.
You have claws for hands.
Your natural rate of healing is unusually fast.
You are covered in fur. (AC +1)
You have tough skin. (AC +1)
You are frail. (-10% HP)
You sometimes lose the ability to read scrolls when taking damage.


Message History

Pigah's ghost hits you but does no damage.
You closely miss pigah's ghost.
Pigah's ghost is severely damaged.
Pigah's ghost hits you.
You are electrocuted!
You barely miss pigah's ghost.
Pigah's ghost is severely damaged.
Pigah's ghost hits you.
You barely miss pigah's ghost.
Pigah's ghost is severely damaged.
Pigah's ghost hits you.
You are electrocuted!!
You feel threatened and lose the ability to read scrolls!
You closely miss pigah's ghost.
Pigah's ghost is severely damaged.
You barely miss pigah's ghost.
Pigah's ghost is severely damaged.
Pigah's ghost hits you but does no damage.
You are electrocuted!!
* * * LOW HITPOINT WARNING * * *
You scratch pigah's ghost.
Pigah's ghost is severely damaged.
Pigah's ghost hits you.
* * * LOW HITPOINT WARNING * * *
Press: ? - help, Shift-Dir - straight line, f - pigah's ghost
Aim: pigah's ghost, wielding a weapon of electrocution (severely damaged, chance to affect: 62%)
You fail to use your ability.
Pigah's ghost hits you but does no damage.
Press: ? - help, Shift-Dir - straight line, f/p - pigah's ghost
Aim: pigah's ghost, wielding a weapon of electrocution (severely damaged, chance to affect: 62%)
You fail to use your ability.
Pigah's ghost closely misses you.
You scratch pigah's ghost.
Pigah's ghost is severely damaged.
Pigah's ghost keens inconsolably.
Pigah's ghost closely misses you.
You scratch pigah's ghost but do no damage.
Pigah's ghost is severely damaged.
Pigah's ghost hits you.
* * * LOW HITPOINT WARNING * * *
You are electrocuted!
You die...
Xom titters!

# #.###.##......
#... #........#
#### #####.######.#
# #........#
.######
#####.########
....... ##...#.#
####### ##......#
#####
#.......###$$8$###
........##8....#@#
........#......#W#
........#P....WWW##
........#⌠.....'..#
##......#P.....'..#
###...#.#}.....#..#
# #####.##8....#..#
# .###==8$#..## . #
#+########...# .


You could see Rallik's ghost, ktje's ghost, mdk's ghost and pigah's ghost.

Vanquished Creatures
  4 kobold brigands (Sewer)
  A water moccasin skeleton (D:3)
  A hound (D:4)
  An orc wizard (D:3)
  A hound skeleton (D:4)
  7 gnolls (D:3)
  2 river rats (D:3)
  6 adders
  9 worms
  3 dart slugs
  4 orcs (D:3)
  5 ball pythons
  6 endoplasms
  4 goblins
  4 hobgoblins
  11 jackals
  4 quokkas
  6 bats
  3 frilled lizards
  10 kobolds
  11 rats
103 creatures vanquished.

Notes
Turn   | Place    | Note
-------+----------+-------------------------------------------
     0 | D:1      | Spaninq the Troll Chaos Knight began the quest for the Orb.
     0 | D:1      | Reached XP level 1. HP: 22/22 MP: 0/0
   165 | D:1      | Reached XP level 2. HP: 29/29 MP: 1/1
   344 | D:1      | Noticed an eye of devastation
   346 | D:1      | Found a faded altar of an unknown god.
   347 | D:1      | Noticed a shining eye
   347 | D:1      | Noticed a golden eye
   347 | D:1      | Noticed a great orb of eyes
   362 | D:1      | Fell from the grace of Xom
   362 | D:1      | Became a worshipper of Lugonu the Unformed
   362 | D:1      | Reached * piety under Lugonu
   362 | D:1      | Reached ** piety under Lugonu
   766 | D:2      | XOM: 1-stop teleportation journey
   770 | D:2      | Reached XP level 3. HP: 36/36 MP: 2/2
  1004 | D:2      | Reached skill level 4 in Unarmed Combat
  1247 | D:3      | Found Notho's Jewellery Shop.
  1257 | D:3      | XOM: give mutations
  1257 | D:3      | Gained mutation: You are clumsy. (Dex -2) [Xom's mischief]
  1257 | D:3      | Gained mutation: You are frail. (-10% HP) [Xom's mischief]
  1257 | D:3      | Gained mutation: You sometimes lose the ability to read
                  | scrolls when taking damage. [Xom's mischief]
  1257 | D:3      | Lost mutation: You are clumsy. (Dex -2) [Xom's mischief]
  1304 | D:3      | Found a bloodstained altar of Trog.
  1310 | D:3      | Reached *** piety under Lugonu
  1387 | D:3      | Reached skill level 1 in Invocations
  1387 | D:3      | Reached XP level 4. HP: 36/40 MP: 3/3
  1426 | D:3      | Found a glowing drain.
  1431 | Sewer    | Entered a sewer
  1566 | Sewer    | Noticed a kobold brigand
  1575 | Sewer    | Killed a kobold brigand
  1576 | Sewer    | Reached skill level 5 in Unarmed Combat
  1576 | Sewer    | Reached XP level 5. HP: 38/47 MP: 5/5
  1660 | Sewer    | XOM: silly message
  1699 | Sewer    | Reached XP level 6. HP: 42/54 MP: 6/6
  1811 | D:3      | XOM: divination: detect creatures
  1823 | D:3      | Reached **** piety under Lugonu
  1890 | D:3      | XOM: silly message
  1981 | D:3      | Reached skill level 6 in Unarmed Combat
  2100 | D:3      | Reached XP level 7. HP: 60/63 MP: 8/8
  2213 | D:3      | XOM: noise
  2664 | D:4      | XOM: 10-stop teleportation journey
  2880 | D:4      | Found a runed translucent gate.
  2881 | D:4      | Found a runed translucent gate.
  2882 | D:4      | Found a runed translucent gate.
  2883 | D:4      | Noticed pigah's ghost (novice OpWn)
  2883 | D:4      | Noticed mdk's ghost (amateur VSMo)
  2884 | D:4      | Noticed Rallik's ghost (amateur GnWn)
  2884 | D:4      | Noticed ktje's ghost (amateur DrFE)
  2908 | D:4      | Mangled by pigah's ghost

Illustrated notes

Levels and vault maps discovered:
D:1:      beargit_arrival_greenhouse, layout_basic,
          hellmonk_ecumenical_altar_watching_god, hangedman_decor_push
D:2:      layout_basic
D:3:      layout_basic, lemuel_tele_altar, lightli_sewer_entry_pipes,
          serial_shops, nicolae_square_shop
D:4:      layout_loops_corners, gammafunk_ghost_cemetery, minmay_hedge_maze

Skill      XL: |  1  2  3  4  5  6  7 |
---------------+----------------------+-----
Unarmed Combat | 4 5 6 |  6.5
Fighting       | 3 4 |  4.1
Invocations    | 1 2 3 |  3.1
Dodging        | |  1.9

Action                   |  1- 3 |  4- 6 |  7- 9 || total
-------------------------+-------+-------+-------++-------
Melee: Unarmed           |   121 |   157 |    57 ||   335
       Punch             |     1 |     3 |       ||     4
Invok: Bend Space        |     1 |       |       ||     1
  Use: Scroll            |       |     6 |       ||     6
       Potion            |       |     5 |       ||     5
 Stab: Sleeping          |     2 |       |       ||     2
Armor: Robe              |    54 |    45 |    20 ||   119
Dodge: Dodged            |    53 |    59 |    24 ||   136

Table legend: (Time is in decaauts)
 A = Elapsed time spent in this place.
 B = Non-inter-level travel time spent in this place.
 C = Inter-level travel time spent in this place.
 D = Time resting spent in this place.
 E = Time spent auto-exploring this place.
 F = Levels seen in this place.
 G = Mean time per level.
                   A        B        C        D        E       F      G
               +--------+--------+--------+--------+--------+-----+--------+
         Total |   2976 |   2878 |     98 |      0 |   1966 |   5 |  595.2 |
       Dungeon |   2552 |   2454 |     98 |      0 |   1842 |   4 |  638.0 |
         Sewer |    423 |    423 |      0 |      0 |    123 |   1 |  423.0 |
               +--------+--------+--------+--------+--------+-----+--------+

Top non-repeatable levels by time:
     D:3: 982 daAuts
     D:2: 675 daAuts
     D:1: 567 daAuts
   Sewer: 423 daAuts
     D:4: 327 daAuts
